| TOP OF THE 1ST |
|
Burlington Royals batting - Pitching for Detroit (APP) Tigers : RHP Edwin Soto
|
|
Pitching: RHP Edwin Soto
|
|
|
Batting: RHB Kyle Finney
|
0-0: Ball 1-0: Called Strike 1-1: Foul Ball, location: 2F 1-2: Ground out 2-3 (Groundball, 2R, EV 68.8 MPH)
|
|
Batting: RHB Josh Massey
|
0-0: Ball 1-0: Ball 2-0: Foul Ball, location: 2F 2-1: Ground out 5-3 (Groundball, 5S, EV 83.8 MPH)
|
|
Batting: RHB Milanni Isaaka
|
0-0: Ground out 4-3 (Groundball, 4, EV 79.4 MPH)
|
| Top of the 1st over - 0 runs, 0 hits, 0 errors, 0 left on base; Burlington 0 - Detroit (APP) 0 |
| BOTTOM OF THE 1ST |
|
Detroit (APP) Tigers batting - Pitching for Burlington Royals : LHP Billy Wessel
|
|
Pitching: LHP Billy Wessel
|
|
|
Batting: RHB Alex Duarte
|
0-0: Ball 1-0: Ball 2-0: Ball 3-0: Base on Balls
|
|
Batting: RHB Cody Kafer
|
0-0: Fielders Choice at 2nd, 4-6 (Groundball, 4, EV 80.0 MPH)
|
|
Batting: RHB Nate Dabney
|
0-0: Called Strike 0-1: Ball 1-1: Called Strike 1-2: Foul Ball, location: 2F 1-2: Strikes out swinging
|
|
Batting: RHB George Sonier
|
0-0: Ball 1-0: Ball 2-0: Ball 3-0: Base on Balls Cody Kafer to second
|
|
Batting: RHB Yasutaka Yamasaki
|
0-0: Ball 1-0: Fielders Choice at 2nd, 6-4 (Groundball, 6, EV 78.1 MPH)
|
| Bottom of the 1st over - 0 runs, 0 hits, 0 errors, 2 left on base; Burlington 0 - Detroit (APP) 0 |
| TOP OF THE 2ND |
|
Burlington Royals batting - Pitching for Detroit (APP) Tigers : RHP Edwin Soto
|
|
Batting: RHB Simon Sultzbach
|
0-0: Ball 1-0: Swinging Strike 1-1: Swinging Strike 1-2: Ball 2-2: Foul Ball, location: 2F 2-2: Ball 3-2: Reached on error, E4 (Groundball, 4S, EV 69.4 MPH)
|
|
Batting: LHB Javy Rueda
|
0-0: Ball 1-0: Ball 2-0: Swinging Strike 2-1: Called Strike 2-2: Strikes out swinging
|
|
Batting: RHB John Normand
|
0-0: Foul Ball, location: 2F 0-1: Foul Ball, location: 2F 0-2: Ball 1-2: Strikes out looking
|
|
Batting: RHB Donnie Bednarz
|
0-0: Ball 1-0: Foul Ball, location: 2F 1-1: Foul Ball, location: 2F 1-2: Ball 2-2: Ball 3-2: Foul Ball, location: 2F 3-2: Strikes out looking
|
| Top of the 2nd over - 0 runs, 0 hits, 1 error, 1 left on base; Burlington 0 - Detroit (APP) 0 |
| BOTTOM OF THE 2ND |
|
Detroit (APP) Tigers batting - Pitching for Burlington Royals : LHP Billy Wessel
|
|
Batting: LHB Simon Barry
|
0-0: Ball 1-0: Fly out, F8 (Flyball, 8LD, EV 103.8 MPH)
|
|
Batting: SHB Salvador Lacosta
|
0-0: Ball 1-0: Ball 2-0: Foul Ball, location: 2F 2-1: DOUBLE (Line Drive, 7LM, EV 112.5 MPH)
|
|
Batting: RHB Victor Acuna
|
0-0: Foul Ball, location: 2F 0-1: Ball Wild Pitch! Salvador Lacosta to third 1-1: Ball 2-1: Foul Ball, location: 2F 2-2: Strikes out swinging
|
|
Batting: RHB Rick Brinkmann
|
0-0: Ball 1-0: Called Strike 1-1: Ground out U3 (Groundball, 3S, EV 86.9 MPH)
|
| Bottom of the 2nd over - 0 runs, 1 hit, 0 errors, 1 left on base; Burlington 0 - Detroit (APP) 0 |
| TOP OF THE 3RD |
|
Burlington Royals batting - Pitching for Detroit (APP) Tigers : RHP Edwin Soto
|
|
Batting: RHB Nick Spriggs
|
0-0: Ball 1-0: Ball 2-0: Ball 3-0: Called Strike 3-1: Foul Ball, location: 2F 3-2: Fly out, F8 (Flyball, 8RD, EV 93.1 MPH)
|
|
Batting: RHB Danny Jefferies
|
0-0: Ball 1-0: Ball 2-0: Foul Ball, location: 2F 2-1: Ball 3-1: Base on Balls
|
|
Batting: RHB Kyle Finney
|
0-0: Ball 1-0: Ball 2-0: Ball 3-0: Called Strike 3-1: Fly out, F7 (Line Drive, 78M, EV 96.9 MPH)
|
|
Batting: RHB Josh Massey
|
0-0: Called Strike 0-1: Foul Ball, location: 2F 0-2: Ball 1-2: Foul Ball, location: 2F 1-2: Ball 2-2: Foul Ball, location: 2F 2-2: Fly out, F8 (Flyball, 8LD, EV 100.6 MPH)
|
| Top of the 3rd over - 0 runs, 0 hits, 0 errors, 1 left on base; Burlington 0 - Detroit (APP) 0 |
| BOTTOM OF THE 3RD |
|
Detroit (APP) Tigers batting - Pitching for Burlington Royals : LHP Billy Wessel
|
|
Batting: RHB Alex Duarte
|
0-0: Called Strike 0-1: Foul Ball, location: 2F 0-2: Foul Ball, location: 2F 0-2: Ball 1-2: Foul Ball, location: 2F 1-2: Ball 2-2: Foul Ball, location: 2F 2-2: Ball 3-2: Ground out 3-1 (Groundball, 13, EV 91.9 MPH)
|
|
Batting: RHB Cody Kafer
|
0-0: Foul Ball, location: 2F 0-1: Swinging Strike 0-2: Strikes out swinging
|
|
Batting: RHB Nate Dabney
|
0-0: Ball 1-0: Ball 2-0: Ball 3-0: Called Strike 3-1: Base on Balls
|
|
Batting: RHB George Sonier
|
0-0: Ball 1-0: Called Strike 1-1: Foul Ball, location: 2F 1-2: Fly out, F8 (Flyball, 8LM, EV 91.9 MPH)
|
| Bottom of the 3rd over - 0 runs, 0 hits, 0 errors, 1 left on base; Burlington 0 - Detroit (APP) 0 |
| TOP OF THE 4TH |
|
Burlington Royals batting - Pitching for Detroit (APP) Tigers : RHP Edwin Soto
|
|
Batting: RHB Milanni Isaaka
|
0-0: Ball 1-0: Ground out 4-3 (Groundball, 4, EV 77.5 MPH)
|
|
Batting: RHB Simon Sultzbach
|
0-0: Called Strike 0-1: Called Strike 0-2: Foul Ball, location: 2F 0-2: Foul Ball, location: 2F 0-2: Ball 1-2: Strikes out looking
|
|
Batting: LHB Javy Rueda
|
0-0: Ball 1-0: DOUBLE (Flyball, 8LXD, EV 106.9 MPH)
|
|
Batting: RHB John Normand
|
0-0: Fly out, F9 (Line Drive, 9, EV 91.9 MPH)
|
| Top of the 4th over - 0 runs, 1 hit, 0 errors, 1 left on base; Burlington 0 - Detroit (APP) 0 |
| BOTTOM OF THE 4TH |
|
Detroit (APP) Tigers batting - Pitching for Burlington Royals : LHP Billy Wessel
|
|
Batting: RHB Yasutaka Yamasaki
|
0-0: Called Strike 0-1: Ball 1-1: Ball 2-1: Ball 3-1: Base on Balls
|
|
Batting: LHB Simon Barry
|
0-0: Ball 1-0: Ball 2-0: Ball 3-0: Base on Balls Yasutaka Yamasaki to second
|
|
Batting: SHB Salvador Lacosta
|
0-0: Foul Ball, location: 2F 0-1: Ball 1-1: Ball Passed Ball! Yasutaka Yamasaki to third Simon Barry to second 2-1: Ball 3-1: Ground out 6-3 (Groundball, 6M, EV 80.6 MPH) Yasutaka Yamasaki scores Simon Barry to third
|
|
Batting: RHB Victor Acuna
|
0-0: Foul Ball, location: 2F 0-1: Fly out, F8 (Flyball, 8RS, EV 76.9 MPH)
|
|
Batting: RHB Rick Brinkmann
|
0-0: Ball 1-0: Swinging Strike 1-1: Ground out 6-3 (Groundball, 6, EV 86.9 MPH)
|
| Bottom of the 4th over - 1 run, 0 hits, 0 errors, 1 left on base; Burlington 0 - Detroit (APP) 1 |
| TOP OF THE 5TH |
|
Burlington Royals batting - Pitching for Detroit (APP) Tigers : RHP Edwin Soto
|
|
Batting: RHB Donnie Bednarz
|
0-0: Foul Ball, location: 2F 0-1: Ball 1-1: Swinging Strike 1-2: Foul Ball, location: 2F 1-2: Ball 2-2: Ground out 6-3 (Groundball, 6, EV 90.6 MPH)
|
|
Batting: RHB Nick Spriggs
|
0-0: Ball 1-0: Foul Ball, location: 2F 1-1: Foul Ball, location: 2F 1-2: Foul Ball, location: 2F 1-2: Strikes out swinging
|
|
Batting: RHB Danny Jefferies
|
0-0: Called Strike 0-1: SOLO HOME RUN (Flyball, 7D, EV 99.4 MPH), Distance : 385 ft
|
|
Batting: RHB Kyle Finney
|
0-0: Foul Ball, location: 2F 0-1: Ball 1-1: SINGLE (Groundball, 34D, EV 101.2 MPH)
|
|
Pitching: LHP Greg Bradley
|
|
|
Batting: RHB Josh Massey
|
0-0: Ball 1-0: Swinging Strike 1-1: Called Strike 1-2: Strikes out swinging
|
| Top of the 5th over - 1 run, 2 hits, 0 errors, 1 left on base; Burlington 1 - Detroit (APP) 1 |
| BOTTOM OF THE 5TH |
|
Detroit (APP) Tigers batting - Pitching for Burlington Royals : LHP Billy Wessel
|
|
Batting: RHB Alex Duarte
|
0-0: Ball 1-0: Ball 2-0: Foul Ball, location: 5F, Error on foul ball, E5 2-1: Swinging Strike 2-2: Ball 3-2: Base on Balls
|
|
Batting: RHB Cody Kafer
|
0-0: Fielders Choice at 2nd, 4-6 (Groundball, 4D, EV 78.8 MPH)
|
|
Batting: RHB Nate Dabney
|
0-0: Ball 1-0: Ball 2-0: Ball 3-0: Base on Balls Cody Kafer to second
|
|
Pitching: LHP Omar Nogueira
|
|
|
Batting: RHB George Sonier
|
0-0: Called Strike 0-1: Foul Ball, location: 2F 0-2: 3-RUN HOME RUN (Flyball, 78XD, EV 105.6 MPH), Distance : 415 ft
|
|
Batting: RHB Yasutaka Yamasaki
|
0-0: Ball 1-0: Called Strike 1-1: Foul Ball, location: 2F 1-2: Strikes out swinging
|
|
Batting: LHB Simon Barry
|
0-0: Swinging Strike 0-1: Ball 1-1: Called Strike 1-2: Strikes out looking
|
| Bottom of the 5th over - 3 runs, 1 hit, 1 error, 0 left on base; Burlington 1 - Detroit (APP) 4 |
| TOP OF THE 6TH |
|
Burlington Royals batting - Pitching for Detroit (APP) Tigers : LHP Greg Bradley
|
|
Batting: RHB Milanni Isaaka
|
0-0: Foul Ball, location: 2F 0-1: Ball 1-1: Swinging Strike 1-2: Ground out U3 (Groundball, 23, EV 83.1 MPH)
|
|
Batting: RHB Simon Sultzbach
|
0-0: Ball 1-0: SOLO HOME RUN (Flyball, 7D, EV 95.6 MPH), Distance : 373 ft
|
|
Batting: LHB Javy Rueda
|
0-0: Called Strike 0-1: Foul Ball, location: 2F 0-2: Strikes out looking
|
|
Batting: RHB John Normand
|
0-0: Called Strike 0-1: Ball 1-1: Ball 2-1: Fly out, F8 (Flyball, 8RD, EV 98.1 MPH)
|
| Top of the 6th over - 1 run, 1 hit, 0 errors, 0 left on base; Burlington 2 - Detroit (APP) 4 |
| BOTTOM OF THE 6TH |
|
Detroit (APP) Tigers batting - Pitching for Burlington Royals : LHP Omar Nogueira
|
|
Batting: SHB Salvador Lacosta
|
0-0: Swinging Strike 0-1: Ball 1-1: Ball 2-1: Called Strike 2-2: Strikes out swinging
|
|
Batting: RHB Victor Acuna
|
0-0: Ball 1-0: Foul Ball, location: 2F 1-1: Ball 2-1: Ball 3-1: Base on Balls
|
|
Batting: RHB Rick Brinkmann
|
0-0: Fly out, F8 (Line Drive, 8RD, EV 90.6 MPH)
|
|
Batting: RHB Alex Duarte
|
0-0: Called Strike 0-1: Called Strike 0-2: Foul Ball, location: 2F 0-2: Ball 1-2: Ball 2-2: Ball Wild Pitch! Victor Acuna to second 3-2: Strikes out swinging
|
| Bottom of the 6th over - 0 runs, 0 hits, 0 errors, 1 left on base; Burlington 2 - Detroit (APP) 4 |
| TOP OF THE 7TH |
|
Burlington Royals batting - Pitching for Detroit (APP) Tigers : LHP Greg Bradley
|
|
Batting: RHB Donnie Bednarz
|
0-0: Called Strike 0-1: Foul Ball, location: 2F 0-2: Ground out 6-3 (Groundball, 56, EV 90.6 MPH)
|
|
Batting: RHB Nick Spriggs
|
0-0: Ball 1-0: Foul Ball, location: 2F 1-1: Called Strike 1-2: Ball 2-2: Strikes out looking
|
|
Batting: RHB Danny Jefferies
|
0-0: Swinging Strike 0-1: Swinging Strike 0-2: Foul Ball, location: 2F 0-2: Foul Ball, location: 2F 0-2: Strikes out swinging
|
| Top of the 7th over - 0 runs, 0 hits, 0 errors, 0 left on base; Burlington 2 - Detroit (APP) 4 |
| BOTTOM OF THE 7TH |
|
Detroit (APP) Tigers batting - Pitching for Burlington Royals : LHP Omar Nogueira
|
|
Batting: RHB Cody Kafer
|
0-0: Ball 1-0: Fly out, F8 (Line Drive, 8RD, EV 93.8 MPH)
|
|
Batting: RHB Nate Dabney
|
0-0: Fly out, F8 (Line Drive, 78M, EV 86.2 MPH)
|
|
Batting: RHB George Sonier
|
0-0: Ball 1-0: Ball 2-0: Swinging Strike 2-1: Foul Ball, location: 2F 2-2: Ball 3-2: Base on Balls
|
|
Batting: RHB Yasutaka Yamasaki
|
0-0: Called Strike 0-1: 2-RUN HOME RUN (Line Drive, 78XD, EV 107.5 MPH), Distance : 399 ft
|
|
Pitching: RHP Zong-yuan Xue
|
|
|
Batting: LHB Simon Barry
|
0-0: Called Strike 0-1: Foul Ball, location: 2F 0-2: Ball 1-2: Ball 2-2: Foul Ball, location: 2F 2-2: Foul Ball, location: 2F 2-2: Ground out 5-3 (Groundball, 56, EV 76.2 MPH)
|
| Bottom of the 7th over - 2 runs, 1 hit, 0 errors, 0 left on base; Burlington 2 - Detroit (APP) 6 |
| TOP OF THE 8TH |
|
Burlington Royals batting - Pitching for Detroit (APP) Tigers : LHP Greg Bradley
|
|
Pitching: RHP Mike Valdivia
|
|
|
Batting: RHB Kyle Finney
|
0-0: Ball 1-0: Called Strike 1-1: SINGLE (Line Drive, 6D, EV 101.2 MPH)
|
|
Batting: RHB Josh Massey
|
0-0: Ball 1-0: Called Strike 1-1: Foul Ball, location: 2F 1-2: Ball 2-2: DOUBLE (Line Drive, 89D, EV 99.4 MPH) Kyle Finney to third
|
|
Batting: RHB Milanni Isaaka
|
0-0: Foul Ball, location: 2F 0-1: Ground out 6-3 (Groundball, 6M, EV 100.6 MPH) Kyle Finney scores Josh Massey to third
|
|
Batting: RHB Simon Sultzbach
|
0-0: Ball Wild Pitch! Josh Massey scores 1-0: Swinging Strike 1-1: Ball 2-1: Ball 3-1: Foul Ball, location: 2F 3-2: Base on Balls
|
|
Pinch Hitting: RHB Juan Nieves
|
0-0: Called Strike 0-1: Ball 1-1: Foul Ball, location: 2F 1-2: Ball 2-2: Strikes out swinging
|
|
Pinch Hitting: SHB Gary Woodroffe
|
0-0: Called Strike 0-1: Called Strike 0-2: Strikes out looking
|
| Top of the 8th over - 2 runs, 2 hits, 0 errors, 1 left on base; Burlington 4 - Detroit (APP) 6 |
| BOTTOM OF THE 8TH |
|
Detroit (APP) Tigers batting - Pitching for Burlington Royals : RHP Zong-yuan Xue
|
|
Now at 1B: Chris Stec
|
|
|
Now at 3B: Juan Nieves
|
|
|
Now in LF: Donnie Bednarz
|
|
|
Batting: SHB Salvador Lacosta
|
0-0: Ball 1-0: DOUBLE (Flyball, 8RD, EV 103.1 MPH)
|
|
Batting: RHB Victor Acuna
|
0-0: Swinging Strike 0-1: Ball 1-1: Foul Ball, location: 2F 1-2: Ball 2-2: Ball 3-2: Foul Ball, location: 2F 3-2: Foul Ball, location: 2F 3-2: Ground out 6-3 (Groundball, 6M, EV 90.0 MPH) Salvador Lacosta to third
|
|
Batting: RHB Rick Brinkmann
|
0-0: Ground out 1-3 (Groundball, 13S, EV 67.5 MPH)
|
|
Batting: RHB Alex Duarte
|
0-0: Ball 1-0: Swinging Strike 1-1: Swinging Strike 1-2: Strikes out swinging
|
| Bottom of the 8th over - 0 runs, 1 hit, 0 errors, 1 left on base; Burlington 4 - Detroit (APP) 6 |
| TOP OF THE 9TH |
|
Burlington Royals batting - Pitching for Detroit (APP) Tigers : RHP Mike Valdivia
|
|
Pitching: RHP Malcolm Holz
|
|
|
Now in LF: John Barton
|
|
|
Batting: RHB Donnie Bednarz
|
0-0: Called Strike 0-1: Ball 1-1: Ground out 6-3 (Groundball, 6S, EV 73.1 MPH)
|
|
Pinch Hitting: RHB Leo Lopez
|
0-0: Ball 1-0: Called Strike 1-1: Ball 2-1: Swinging Strike 2-2: Ball 3-2: Base on Balls
|
|
Batting: RHB Danny Jefferies
|
0-0: Called Strike 0-1: Ball Wild Pitch! Leo Lopez to second 1-1: Fly out, F7 (Flyball, 78M, EV 86.9 MPH)
|
|
Batting: RHB Kyle Finney
|
0-0: Ball 1-0: Ball 2-0: Ball 3-0: Called Strike 3-1: Foul Ball, location: 2F 3-2: Base on Balls
|
|
Batting: RHB Josh Massey
|
0-0: Swinging Strike 0-1: Foul Ball, location: 2F 0-2: Ball 1-2: Ball 2-2: Foul Ball, location: 2F 2-2: Ball 3-2: Foul Ball, location: 2F 3-2: Ground out 6-3 (Groundball, 6, EV 80.6 MPH)
|
| Top of the 9th over - 0 runs, 0 hits, 0 errors, 2 left on base; Burlington 4 - Detroit (APP) 6 |
|